Map: Orbital Shipyard

Players

Miszu - Winner!

  • Race: Terran Terran
  • League: Master

prabuty

  • Race: Protoss Protoss
  • League: Master

VOD

Have the link to the VOD?

Description

Time

  • Played on: March 21, 2016, 3:54 p.m.
  • Length: 10:36
Show
View Real Time Build Order
Export as new Build Order

Miszu Terran - Winner!

Build Orders: Command Center First (CC), MMM Bio 

Get SALT Encoding   

  12  0:00  SCV  
  13  0:13  SCV  
  14  0:17  Supply Depot  
  14  0:25  SCV  
  15  0:39  SCV  
  16  0:55  SCV  
  17  1:04  Command Center  
  17  1:07  SCV  
  18  1:17  Barracks  
  18  1:19  SCV  
  19  1:25  Barracks  
  19  1:36  Barracks  
  19  1:39  SCV  
  20  1:51  SCV  
  21  2:04  Orbital Command  
  21  2:05  Marine  
  22  2:13  Marine  
  23  2:15  Orbital Command  
  23  2:22  Marine  
  23  2:23  Marine  
  23  2:28  Refinery  
  23  2:29  Refinery  
  25  2:30  SCV  
  25  2:35  Supply Depot, Marine  
  27  2:41  SCV  
  27  2:42  SCV  
  29  2:44  Marine  
  29  2:46  Marine  
  31  2:53  Marine, SCV  
  31  2:54  SCV  
  34  2:59  Supply Depot  
  34  3:03  Marine  
  34  3:05  SCV  
  37  3:06  Barracks Tech Lab  
  37  3:07  SCV  
  37  3:13  Marine  
  37  3:17  SCV  
  37  3:19  SCV  
  40  3:21  Supply Depot, Marine  
  41  3:27  Stimpack  
  41  3:29  Marine, SCV  
  41  3:31  Marine, SCV  
  45  3:39  Refinery, Marine  
  46  3:41  SCV  
  46  3:43  Factory, SCV  
  46  3:47  Supply Depot  
  48  3:51  Marine  
  48  3:52  Marine  
  48  3:54  SCV  
  48  3:55  SCV  
  52  4:05  Engineering Bay  
  52  4:06  SCV  
  52  4:07  Marine, SCV  
  52  4:09  Supply Depot  
  55  4:11  Marine  
  55  4:16  Marauder  
  58  4:18  SCV  
  58  4:19  SCV  
  60  4:29  Factory Reactor  
  60  4:30  Starport, SCV  
  61  4:31  SCV  
  61  4:32  Supply Depot  
  61  4:34  Barracks Reactor, Barracks Tech Lab  
  61  4:36  Terran Infantry Weapons Level 1  
  62  4:42  Marauder, SCV  
  65  4:51  SCV  
  66  4:54  Supply Depot, SCV  
  66  4:57  Marauder  
  66  4:58  Combat Shields  
  69  5:03  SCV  
  69  5:04  Missile Turret  
  69  5:05  Missile Turret  
  69  5:06  SCV  
  71  5:10  Marine, Liberator  
  71  5:11  Marine, Liberator  
  73  5:15  SCV  
  73  5:19  Supply Depot  
  77  5:27  SCV  
  82  5:34  Command Center  
  76  5:43  SCV x2  
  76  5:44  Marine x2, Marauder  
  76  5:49  Refinery  
  81  5:55  SCV  
  81  5:56  SCV  
  83  5:58  Supply Depot  
  83  6:05  Barracks  
  83  6:07  Barracks, SCV  
  83  6:09  SCV  
  83  6:10  Medivac  
  83  6:11  Medivac  
  89  6:20  SCV  
  89  6:25  Supply Depot, Marine x3, Marauder  
  93  6:26  Concussive Shells  
  93  6:28  SCV  
  96  6:43  Marine  
  96  6:44  Medivac x2, Marauder  
  96  6:46  Terran Infantry Armor Level 1, SCV x2  
  96  6:47  Marauder  
  108  6:48  Supply Depot  
  108  6:51  Supply Depot  
  107  6:54  Marine  
  107  6:55  Barracks Reactor  
  107  6:56  Barracks Tech Lab  
  107  6:58  SCV  
  109  7:03  Marine  
  109  7:05  Marauder  
  109  7:08  Marauder, SCV  
  112  7:14  SCV  
  113  7:15  Orbital Command  
  113  7:17  Marauder  
  115  7:24  Liberator  
  115  7:26  Marauder, SCV x2  
  115  7:27  Fusion Core  
  115  7:28  Starport, Marine  
  115  7:29  Marauder  
  122  7:32  Refinery  
  122  7:33  Refinery  
  122  7:34  Supply Depot  
  121  7:38  Marauder, SCV  
  121  7:39  Factory Tech Lab  
  121  7:43  SCV  
  128  7:46  Marine  
  128  7:48  Marauder  
  131  7:55  Supply Depot, Marine, Marauder  
  131  7:56  Supply Depot  
  131  7:57  Liberator  
  134  8:04  Marine  
  134  8:05  Marauder  
  137  8:10  SCV  
  137  8:11  Marine, Marauder  
  141  8:16  Marauder, Marine, Starport Tech Lab  
  141  8:17  Marine  
  148  8:20  Supply Depot x2  
  148  8:22  Liberator x2  
  148  8:26  Marauder  
  150  8:32  Marauder  
  149  8:40  Marine, Marauder, Liberator  
  148  8:41  Advanced Ballistics  
  148  8:44  Supply Depot  
  148  8:46  Command Center  
  148  8:55  Marine x4, Marauder  
  157  9:05  Liberator x2  
  157  9:09  Marauder  
  159  9:17  SCV x3  
  160  9:18  Supply Depot  
  160  9:22  Marine x4, Marauder x2  
  176  9:29  SCV  
  176  9:31  Marauder  
  179  9:32  Liberator  
  179  9:35  Engineering Bay  
  179  9:36  Armory  
  179  9:39  Marine x2  
  179  9:43  Marauder x2  
  185  9:52  Marauder  
  190  9:57  Marine  
  190  9:58  Marine x3  
  194  10:04  Marauder  
  194  10:05  Marauder  
  198  10:14  Marauder  
  200  10:15  Marine  
  200  10:25  Missile Turret  
Show
View Real Time Build Order
Export as new Build Order

prabuty Protoss 

Build Orders: 1 Gate Expand 

Get SALT Encoding   

  12  0:02  Probe (Chrono Boost)  
  13  0:12  Probe (Chrono Boost)  
  14  0:18  Pylon  
  14  0:23  Probe (Chrono Boost)  
  15  0:36  Probe (Chrono Boost)  
  15  0:40  Gateway  
  16  0:43  Assimilator  
  16  0:47  Probe (Chrono Boost)  
  17  0:57  Probe (Chrono Boost)  
  18  1:11  Probe (Chrono Boost)  
  19  1:20  Nexus  
  19  1:22  Probe (Chrono Boost)  
  20  1:31  Cybernetics Core  
  20  1:35  Probe (Chrono Boost)  
  20  1:39  Assimilator  
  21  1:47  Pylon  
  21  1:49  Probe (Chrono Boost)  
  22  2:00  Probe (Chrono Boost)  
  23  2:11  Mothership Core (Chrono Boost)  
  23  2:15  Adept  
  27  2:25  Warp Gate  
  28  2:30  Probe (Chrono Boost)  
  28  2:35  Probe (Chrono Boost)  
  29  2:40  Probe (Chrono Boost)  
  30  2:45  Probe (Chrono Boost)  
  30  2:51  Probe (Chrono Boost)  
  32  2:56  Robotics Facility, Probe (Chrono Boost)  
  33  3:01  Gateway  
  33  3:03  Gateway  
  33  3:05  Probe (Chrono Boost)  
  34  3:10  Gateway  
  34  3:12  Probe (Chrono Boost)  
  35  3:15  Probe (Chrono Boost)  
  36  3:22  Probe (Chrono Boost)  
  36  3:24  Twilight Council  
  36  3:26  Probe (Chrono Boost)  
  38  3:31  Forge  
  38  3:34  Probe (Chrono Boost)  
  39  3:37  Probe (Chrono Boost)  
  40  3:41  Pylon  
  40  3:47  Warp Prism (Chrono Boost)  
  42  3:50  Probe x2  
  44  4:00  Probe  
  44  4:02  Assimilator, Probe  
  46  4:07  Assimilator  
  46  4:10  Charge  
  46  4:11  Probe  
  46  4:14  Protoss Ground Armor Level 1  
  46  4:15  Probe  
  48  4:19  Pylon  
  48  4:23  Observer (Chrono Boost), Probe  
  49  4:30  Probe  
  51  4:33  Probe  
  52  4:42  Probe  
  52  4:44  Probe  
  53  4:47  Adept x3  
  53  4:48  Adept  
  62  4:56  Pylon  
  62  4:59  Pylon  
  62  5:08  Pylon  
  62  5:12  Probe  
  62  5:14  Observer (Chrono Boost), Probe  
  65  5:17  Nexus  
  65  5:23  Probe  
  65  5:26  Probe  
  67  5:33  Probe  
  64  5:44  Probe  
  64  5:45  Probe  
  64  5:49  Pylon  
  62  5:54  Blink (Chrono Boost)  
  62  5:57  Probe  
  62  5:58  Probe  
  62  5:59  Gateway x2  
  62  6:01  Gateway  
  64  6:05  Gateway  
  64  6:08  Sentry  
  64  6:09  Robotics Bay, Zealot x3  
  64  6:10  Probe x2  
  74  6:21  Protoss Ground Weapons Level 1 (Chrono Boost)  
  74  6:23  Probe  
  75  6:26  Assimilator  
  75  6:31  Assimilator  
  75  6:33  Probe  
  75  6:34  Zealot x2  
  75  6:35  Zealot x2  
  75  6:37  Probe  
  75  6:38  Probe  
  86  6:47  Pylon  
  86  6:55  Stalker x5  
  86  6:56  Stalker  
  86  7:01  Stalker  
  100  7:10  Probe  
  100  7:11  Colossus (Chrono Boost)  
  100  7:13  Extended Thermal Lance  
  100  7:14  Probe  
  109  7:15  Probe  
  109  7:22  Probe  
  110  7:26  Probe  
  110  7:27  Probe  
  112  7:37  Pylon  
  112  7:50  Zealot  
  112  7:51  Zealot  
  116  7:52  Protoss Ground Weapons Level 2  
  116  7:55  Pylon  
  116  7:57  Zealot x4  
  116  7:58  Pylon  
  124  8:07  Pylon  
  124  8:13  Colossus (Chrono Boost)  
  124  8:18  Stalker x3  
  124  8:19  Stalker x2  
  136  8:28  Zealot x3  
  136  8:42  Stalker x2  
  136  8:43  Stalker x3  
  146  8:54  Pylon  
  146  9:04  Pylon  
  146  9:06  Pylon  
  146  9:07  Pylon  
  145  9:11  Pylon  
  145  9:12  Probe  
  145  9:13  Colossus (Chrono Boost), Pylon  
  152  9:35  Nexus  
  152  9:37  Forge  
  152  9:39  Pylon  
  152  9:42  Pylon  
  152  9:45  Assimilator  
  152  9:56  Zealot  
  152  9:57  Zealot x6  
  152  9:58  Zealot  
  128  10:30  Zealot x3  
  128  10:31  Zealot x2  
Tags
 
Add a new tag
Caveats
  • Supply blocks, unpowered buildings, or Contaminate may cause inaccurate times.
  • Supply counts are checked every 10 seconds.